 Dungeon Crawl Stone Soup version 0.23.2-11-gf996548 (webtiles) character file.

Game seed: 8130264748647174039

989 Fang the Skirmisher (level 8, -7/76 HPs)
             Began as a Gargoyle Berserker on June 5, 2019.
             Was a Priest of Trog.
             Mangled by an ogre
             ... wielding a +0 giant club
              (16 damage)
             ... on level 6 of the Dungeon.
             The game lasted 00:05:48 (4804 turns).

Fang the Skirmisher (Gargoyle Berserker)            Turns: 4804, Time: 00:05:48

Health: -7/76      AC:  9    Str: 31    XL:     8   Next: 18%
Magic:  8/8        EV: 13    Int:  8    God:    Trog [***...]
Gold:   268        SH:  0    Dex:  9    Spells: 7/7 levels left

rFire    . . .     SeeInvis .   a - +0 war axe
rCold    . . .     Gourm    .   (no shield)
rNeg     + . .     Faith    .   b - +1 animal skin
rPois    ∞         Spirit   .   (no helmet)
rElec    +         Reflect  .   (no cloak)
rCorr    .         Harm     .   (no gloves)
MR       +....                  (no boots)
Stlth    ..........             (no amulet)
HPRegen  0.22/turn              m - +3 ring of strength
MPRegen  0.11/turn              s - ring of protection from magic

@: berserking, very quick
A: negative energy resistance 1, electricity resistance, unbreathing,
petrification resistance, rot immunity, AC +5
a: Berserk, Trog's Hand, Renounce Religion


You were on level 6 of the Dungeon.
You worshipped Trog.
Trog was most pleased with you.
You were near starving.

You visited 2 branches of the dungeon, and saw 7 of its levels.

You collected 268 gold pieces.

Inventory:

Hand Weapons
 a - a +0 war axe (weapon)
Armour
 b - a +1 animal skin (worn)
Jewellery
 m - a +3 ring of strength (left hand)
 s - a ring of protection from magic (right hand)
Scrolls
 d - a scroll of identify
 e - a scroll of fog {unknown}
 f - a scroll of random uselessness {unknown}
 g - 2 scrolls of teleportation {unknown}
 k - 3 scrolls of enchant armour
 n - 2 scrolls of magic mapping {unknown}
 o - a scroll of remove curse
 p - a scroll of amnesia {unknown}
Potions
 h - 2 potions of curing {unknown}
 i - a potion of flight {unknown}
 j - a potion of berserk rage {unknown}
 l - a potion of heal wounds {unknown}
 t - a potion of might {unknown}
 v - a potion of agility {unknown}
Comestibles
 c - 14 rations


   Skills:
 + Level 6.0 Fighting
 + Level 4.9 Axes
 + Level 5.4 Armour
 + Level 4.0 Dodging


You had 7 spell levels left.
You didn't know any spells.
Your spell library was empty.

Dungeon Overview and Level Annotations

Branches:
Dungeon (6/15)             Temple (1/1) D:5

Altars:
Cheibriados
Fedhas
Nemelex Xobeh
Zin
The Shining One


Innate Abilities, Weirdness & Mutations

You are resistant to torment.
Your stone body is resilient. (AC +5)
You are immune to poison.
You resist negative energy. (rN+)
You are resistant to electric shocks. (rElec)
You can survive without breathing.
You are immune to petrification.
You are immune to rotting.


Message History

You are too injured to fight recklessly!
You are too injured to fight recklessly!
You are too injured to fight recklessly!
You are too injured to fight recklessly!
You are too injured to fight recklessly!
You are too injured to fight recklessly!
You are too injured to fight recklessly!
You are too injured to fight recklessly!
You are too injured to fight recklessly!
You are too injured to fight recklessly!
You are too injured to fight recklessly!
You are too injured to fight recklessly!
A red film seems to cover your vision as you go berserk!
You feel yourself moving faster!
You feel mighty!
You are near starving!
The centaur shoots an arrow.
The arrow barely misses you. The bullfrog hits you.
* * * LOW HITPOINT WARNING * * *
The ogre hits you with a +0 giant club!
You die...

....## #[..
....#####.#.#
............
#...........
#.........?.
####...........
#..............
#<.@.c#
#.....OF......
#...#.........
#........#.##.
#......### #
##.....#
##...## .....


You could see an ogre, a bullfrog and a centaur.

Vanquished Creatures
  Purgy (D:3)
  A black bear (D:5)
  An ogre (D:5)
  2 scorpions (D:5)
  A howler monkey (D:6)
  A crimson imp (D:5)
  3 orc priests
  An orc wizard (D:4)
  Natasha (D:3)
  8 worker ants
  A hound skeleton (D:5)
  3 gnolls (D:5)
  6 adders
  A shadow imp (D:6)
  An ooze (D:1)
  An adder skeleton (D:5)
  2 worms
  A dart slug (D:1)
  7 leopard geckos
  12 orcs
  A giant cockroach (D:3)
  10 goblins
  5 hobgoblins
  6 jackals
  5 kobolds
  2 quokkas
  A ball python (D:3)
  10 bats
  5 frilled lizards
  A giant cockroach zombie (D:5)
  A leopard gecko skeleton (D:5)
  A leopard gecko zombie (D:5)
  4 rats
107 creatures vanquished.

Vanquished Creatures (others)
  2 fungi (D:6)
2 creatures vanquished.

Grand Total: 109 creatures vanquished

Notes
Turn   | Place    | Note
-------+----------+-------------------------------------------
     0 | D:1      | Fang the Gargoyle Berserker began the quest for the Orb.
     0 | D:1      | Reached XP level 1. HP: 14/14 MP: 1/1
    99 | D:1      | Reached XP level 2. HP: 16/19 MP: 2/2
   381 | D:1      | Reached XP level 3. HP: 18/24 MP: 3/3
   554 | D:2      | Reached ** piety under Trog
  1013 | D:2      | Reached skill level 4 in Fighting
  1013 | D:2      | Reached XP level 4. HP: 23/29 MP: 4/4
  1222 | D:3      | Found a glowing golden altar of the Shining One.
  1232 | D:3      | Noticed Natasha
  1238 | D:3      | Killed Natasha
  1337 | D:3      | Reached XP level 5. HP: 16/33 MP: 5/5
  1852 | D:3      | Noticed Purgy
  1878 | D:3      | Killed Purgy
  1878 | D:3      | Reached XP level 6. HP: 4/39 MP: 6/6
  2208 | D:3      | Found a blossoming altar of Fedhas.
  2703 | D:4      | Found a sparkling altar of Nemelex Xobeh.
  2703 | D:4      | Found a glowing silver altar of Zin.
  2719 | D:4      | Reached *** piety under Trog
  2722 | D:4      | Reached skill level 5 in Fighting
  3124 | D:5      | Entered Level 5 of the Dungeon
  3130 | D:5      | Reached XP level 7. HP: 27/44 MP: 7/7
  3650 | D:5      | Found a staircase to the Ecumenical Temple.
  3668 | Temple   | Entered the Ecumenical Temple
  3846 | D:5      | Reached skill level 5 in Armour
  4309 | D:5      | Reached XP level 8. HP: 5/51 MP: 8/8
  4772 | D:5      | Reached skill level 6 in Fighting
  4804 | D:6      | Mangled by an ogre

Skill      XL: |  1  2  3  4  5  6  7  8 |
---------------+-------------------------+-----
Axes           | 3 4 |  4.9
Dodging        | 2 3 4 |  4.0
Fighting       | 4 5 6 |  6.0
Armour         | 3 4 5 |  5.4

Action                   |  1- 3 |  4- 6 |  7- 9 || total
-------------------------+-------+-------+-------++-------
Melee: Hand axe          |   108 |   160 |       ||   268
       War axe           |       |    18 |   117 ||   135
Invok: Berserk           |       |     3 |     4 ||     7
  Use: Scroll            |       |       |     4 ||     4
 Stab: Sleeping          |       |     1 |       ||     1
  Eat: Chunk             |       |     6 |     8 ||    14
       Ration            |       |     1 |       ||     1
Armor: Animal skin       |    50 |    92 |    45 ||   187
Dodge: Dodged            |    84 |   148 |   111 ||   343
